 Dungeon Crawl Stone Soup version 0.28-a0-1518-gbe868bca14 (webtiles) character file.

Game seed: 6293227769754635821

216573 willcat the Eclecticist (level 18, 0/131 HPs)
             Began as a Mummy Summoner on Jan 15, 2022.
             Was an Initiate of Gozag.
             Slain by a tengu reaver (3 damage)
             ... led by Sojobo
             ... on level 2 of the Vaults on Jan 17, 2022.
             The game lasted 01:50:27 (41172 turns).

willcat the Eclecticist (Mummy Summoner)           Turns: 41172, Time: 01:50:28

Health: 0/131      AC: 18    Str:  5 (8)  XL:     18   Next: 36%
Magic:  24/40      EV: 20    Int: 27 (31) God:    Gozag
Gold:   1562       SH:  5    Dex: 17 (21) Spells: 15/54 levels left

rFire   + . .      SeeInvis .   u - +9 long sword of the Fray {vorpal, rF+ Will+}
rCold   + + .      Faith    .   G - +0 buckler
rNeg    + + +      Spirit   .   c - +1 leather armour of Pathos {rF+ Dex+3}
rPois   ∞          Reflect  .   I - +2 helmet
rElec   +          Harm     .   D - +2 cloak of Dim Light {Fly rElec Int+4 Stlth-}
rCorr   .          Rampage  .   x - +0 pair of gloves
Will    +++..                   s - +1 pair of boots
Stlth   +.........              M - amulet of Xom's Sleight of Hands {rC+ Regen+}
HPRegen 1.11/turn               L - ring of Dogma {Fly rPois AC+4 Str-3 Int+5}
MPRegen 0.27/turn               H - ring "Ilasukug" {EV+4 Dex+5}

@: gold aura, flying
A: cold resistance 1, negative energy resistance 3, torment resistance 2, heat
vulnerability 1, in touch with death 1, no potions
}: 1/15 runes: gossamer
a: Renounce Religion, Potion Petition, Call Merchant, Bribe Branch


You were on level 2 of the Vaults.
You worshipped Gozag.
Gozag was most pleased with you.
You visited 7 branches of the dungeon, and saw 31 of its levels.
You also visited: Bailey.

You collected 11329 gold pieces.
You spent 4655 gold pieces at shops.
You paid 5112 gold pieces to Gozag.

Inventory:

Hand Weapons
 d - a +0 vorpal eveningstar
 u - the +9 long sword of the Fray (weapon) {vorpal, rF+ Will+}
   (You bought it in a shop on level 1 of the Vaults)

   It inflicts extra damage upon your enemies.
   rF:        It protects you from fire.
   Will:      It increases your willpower.
Missiles
 q - a throwing net
Armour
 c - the +1 leather armour of Pathos (worn) {rF+ Dex+3}
   (You found it on level 5 of the Dungeon)

   Dex:       It affects your dexterity (+3).
   rF:        It protects you from fire.
 s - a +1 pair of boots (worn)
 x - a +0 pair of gloves (worn)
 A - the +1 helmet of the Lily {rC- rN+++ Regen+ MP-9}
   (You bought it in a shop on level 3 of the Lair of Beasts)

   rC:        It makes you vulnerable to cold.
   rN:        It renders you almost immune to negative energy.
   MP:        It affects your magic capacity (-9).
   Regen:     It increases your rate of health regeneration.
 C - the +5 storm dragon scales of the Thirsty Realms {rElec Int+4}
   (You acquired it on level 14 of the Dungeon)

   Int:       It affects your intelligence (+4).
   rElec:     It insulates you from electricity.
 D - the +2 cloak of Dim Light (worn) {Fly rElec Int+4 Stlth-}
   (You bought it in a shop on level 3 of the Lair of Beasts)

   Int:       It affects your intelligence (+4).
   rElec:     It insulates you from electricity.
   Fly:       It grants you flight.
   Stlth:     It makes you less stealthy.
 G - a +0 buckler (worn)
 I - a +2 helmet (worn)
Magical Staves
 h - a staff of earth
Jewellery
 g - a ring of protection from fire
 t - a ring of resist corrosion
 v - a ring of protection from cold
 H - the ring "Ilasukug" (right hand) {EV+4 Dex+5}
   (You bought it in a shop on level 4 of the Dungeon)

   [ring of evasion]

   EV:        It affects your evasion (+4).
   Dex:       It affects your dexterity (+5).
 L - the ring of Dogma (left hand) {Fly rPois AC+4 Str-3 Int+5}
   (You bought it in a shop on level 15 of the Dungeon)

   [ring of protection]

   AC:        It affects your AC (+4).
   Str:       It affects your strength (-3).
   Int:       It affects your intelligence (+5).
   rPois:     It protects you from poison.
   Fly:       It grants you flight.
 M - the amulet of Xom's Sleight of Hands (around neck) {rC+ Regen+}
   (You bought it in a shop on level 15 of the Dungeon)

   [amulet of regeneration]

   rC:        It protects you from cold.
   Regen:     It increases your rate of health regeneration.
 N - a ring of see invisible
Wands
 j - a wand of mindburst (6)
 p - a wand of digging (3)
 z - a wand of flame (21)
 F - a wand of paralysis (4)
 K - a wand of polymorph (3)
Scrolls
 a - 2 scrolls of summoning
 e - 7 scrolls of vulnerability
 f - 5 scrolls of teleportation
 k - 6 scrolls of magic mapping
 l - 2 scrolls of blinking
 m - 3 scrolls of fog
 n - 6 scrolls of immolation
 o - 2 scrolls of fear
 r - 3 scrolls of amnesia
 y - 2 scrolls of torment
Miscellaneous
 b - a phantom mirror
 B - a phial of floods


   Skills:
 - Level 8.7 Fighting
 - Level 5.8(6.0) Short Blades
 + Level 2.0(4.2) Long Blades
 - Level 4.8(7.4) Axes
 - Level 8.7(9.3) Maces & Flails
 + Level 6.0 Armour
 + Level 9.9 Dodging
 - Level 1.5 Stealth
 - Level 4.2 Shields
 - Level 0.2 Unarmed Combat
 + Level 18.6 Spellcasting
 + Level 5.4 Conjurations
 - Level 5.8 Hexes
 + Level 13.2 Summonings
 + Level 9.7 Necromancy
 - Level 3.8 Air Magic
 - Level 6.5 Earth Magic


You had 15 spell levels left.
You knew the following spells:

 Your Spells              Type           Power      Damage    Failure   Level
a - Summon Small Mammal   Summ           100%       N/A       0%          1
b - Call Canine Familiar  Summ           77%        N/A       1%          3
c - Summon Guardian Gole  Hex/Summ       67%        N/A       1%          3
d - Summon Lightning Spi  Summ/Air       63%        N/A       1%          4
e - Dispel Undead         Necr           86%        3d28      1%          4
f - Borgnjor's Vile Clut  Necr/Erth      40%        N/A       3%          5
g - Orb of Destruction    Conj           26%        9d9       97%         7
h - Spellforged Servitor  Conj/Summ      33%        N/A       54%         7
i - Summon Forest         Summ/Tloc      28%        N/A       7%          5

Your spell library contained the following spells:

 Spells                   Type           Power      Damage    Failure   Level
 Animate Skeleton         Necr           100%       N/A       1%          1
 Foxfire                  Conj/Fire      100%       2x1d9     1%          1
 Shock                    Conj/Air       100%       1d9       1%          1
 Slow                     Hex            100%       N/A       1%          1
 Call Imp                 Summ           77%        N/A       1%          2
 Ensorcelled Hibernation  Hex/Ice        82%        N/A       1%          2
 Static Discharge         Conj/Air       50%        N/A       1%          2
 Confusing Touch          Hex            54%        N/A       1%          3
 Dazzling Flash           Conj/Hex       100%       N/A       1%          3
 Tukima's Dance           Hex            54%        N/A       1%          3
 Vampiric Draining        Necr           86%        2d12      1%          3
 Anguish                  Hex/Necr       39%        N/A       1%          4
 Animate Dead             Necr           43%        N/A       1%          4
 Poisonous Vapours        Pois/Air       70%        N/A       2%          2
 Swiftness                Air            46%        N/A       2%          3
 Leda's Liquefaction      Hex/Erth       27%        N/A       2%          4
 Apportation              Tloc           50%        N/A       3%          1
 Mephitic Cloud           Conj/Pois/Air  41%        N/A       3%          3
 Portal Projectile        Hex/Tloc       82%        N/A       3%          3
 Airstrike                Air            23%        N/A       8%          4
 Gell's Gravitas          Tloc           25%        N/A       11%         3
 Teleport Other           Tloc           25%        N/A       11%         3
 Death Channel            Necr           43%        N/A       11%         6
 Flame Wave               Conj/Fire      39%        2d7       12%         4
 Iskenderun's Mystic Bla  Conj/Tloc      39%        2d9       12%         4
 Sticky Flame             Conj/Fire      39%        2d6       12%         4
 Lightning Bolt           Conj/Air       25%        1d41      14%         5
 Summon Hydra             Summ           38%        N/A       14%         7
 Yara's Violent Unravell  Hex/Tmut       20%        3d9       30%         5
 Fireball                 Conj/Fire      19%        3d9       32%         5
 Irradiate                Conj/Tmut      19%        3d19      32%         5
 Passage of Golubria      Tloc           25%        N/A       36%         4
 Alistair's Intoxication  Tmut/Pois      16%        N/A       71%         5
 Starburst                Conj/Fire      19%        6d7       88%         6
 Dispersal                Tloc           12%        N/A       99%         6
 Eringya's Noxious Bog    Tmut/Pois      12%        N/A       99%         6
 Maxwell's Capacitive Co  Air            23%        ∞         100%        8
 Spider Form              Tmut/Pois      Unusable   N/A       N/A         3
 Blade Hands              Tmut           Unusable   N/A       N/A         5
 Dragon Form              Tmut           Unusable   N/A       N/A         7
 Storm Form               Tmut/Air       Unusable   N/A       N/A         7

Dungeon Overview and Level Annotations

Branches:
Dungeon (15/15)            Temple (1/1) D:4            Lair (6/6) D:11
 Shoals (1/4) Lair:2       Spider (4/4) Lair:2        Slime (0/5) Lair:5
    Orc (2/2) D:11            Elf (0/3) Orc:2        Vaults (2/5) D:14
 Depths (0/4) D:15         Bailey (visited)
  Crypt: Vaults:2-3

Altars:
Cheibriados
Fedhas
Gozag
Hepliaklqana
Kikubaaqudgha
Makhleb
Nemelex Xobeh
Okawaru
Sif Muna
Uskayaw
Xom
Beogh
Lugonu

Shops:
D:4 =   D:9 [   D:13 *   D:15 *!(=*   Orc:2 **[:   Lair:3 [   Vaults:1 (

Portals:
Abyss: Lair:1
Pandemonium: Orc:2
Trove: D:12 (show abyssal rune of Zot)

Annotations:
D:7 2 transporters, leviel's ghost, novice HOFi
Lair:2 exclusion: oklob plant


Innate Abilities, Weirdness & Mutations

You are immune to poison.
Your flesh is cold resistant. (rC+)
You are immune to negative energy. (rN+++)
You are immune to unholy pain and torment.
You are vulnerable to heat. (rF-)
You are in touch with the powers of death.
You do not drink.


Message History

Press: ? - help, Shift-Dir - straight line, f/p - tengu reaver
Aim: a tengu reaver, wielding a +0 halberd and wearing a +0 ring mail (lightly wounded, strong, 100% to hit)
You feel a surge of power!
Zombie hands grab the tengu reaver. x2
Zombie hands grab the ironbound convoker.
Zombie hands grab the glowing orange brain.
The yaktaur captain is unaffected.
The zombie hands constrict the yaktaur captain!!
The zombie hands constrict the ironbound convoker.
The zombie hands constrict the glowing orange brain!
The zombie hands constrict the tengu reaver!
The zombie hands constrict the tengu reaver.
The glowing orange brain struggles to blink free from constriction.
The tengu reaver closely misses you.
The tengu reaver pecks you but does no damage.
The tengu reaver claws you but does no damage.
Unknown command.
Unknown command.
You hit the tengu reaver.
The tengu reaver is moderately wounded.
The zombie hands constrict the yaktaur captain!!
The zombie hands constrict the ironbound convoker!
The zombie hands constrict the glowing orange brain!
The zombie hands constrict the tengu reaver!!
The zombie hands constrict the tengu reaver!
A necromancer comes into view. It is wielding a +0 dagger. x2
The tengu reaver gestures at you while chanting.
The bolt of acid hits you!!!
* * * LOW HITPOINT WARNING * * *
The ironbound convoker gestures at the vault warden while chanting.
The vault warden seems to grow stronger.
The zombie hands constrict the yaktaur captain!!
You kill the yaktaur captain!
The zombie hands constrict the ironbound convoker!
The zombie hands constrict the glowing orange brain!
The zombie hands constrict the tengu reaver! x2
The vault warden is no longer distracted by gold.
The tengu reaver hits you from afar with a +0 halberd.
You die...
Your body crumbles into a pile of gold.

$ #.# #.## #p.
#########Gp #.......#p#
########.......#Q#
.......#..)...)#Q#
...#...'.......#$#
.....[.'..))...#@#
.#...#.#...><..#p######
.......#.......'........
...#...#.......#########
.......+.......#
################


You could see a vault warden (strong), 2 tengu reavers, a glowing orange brain
(clutched), an ironbound convoker (clutched) and 2 necromancers.

Vanquished Creatures
  Jorgrun (Spider:3)
  An emperor scorpion (Spider:2)
  Aizul (Spider:1)
  4 ghost moths
  A broodmother (Spider:1)
  An ironbound thunderhulk (Vaults:1)
  3 entropy weavers (Spider:3)
  A spark wasp (Spider:4)
  A yaktaur captain (Vaults:2)
  Erolcha (D:13)
  A boulder beetle (Spider:1)
  A radroach (Spider:3)
  3 hydras
  5 two-headed ogres
  A tengu warrior (D:14)
  4 death yaks
  3 orc high priests (Orc:2)
  A sun demon (Orc:2)
  3 sun moths
  6 pharaoh ants
  A steelbarb worm (Spider:3)
  6 deep trolls (Vaults:1)
  6 orb spiders
  3 harpies (Vaults:1)
  2 lindwurms (Vaults:1)
  An orc knight (D:12)
  A deep elf archer (D:14)
  An ironbound convoker (Vaults:1)
  3 orc sorcerers (Orc:2)
  6 ugly things
  17 wolf spiders
  A cyclops (D:13)
  2 moths of wrath
  An elephant (Lair:6)
  A torpor snail (Spider:3)
  A cane toad (shapeshifter) (D:15)
  3 vault sentinels
  A gargoyle (D:12)
  5 demonic crawlers
  11 cane toads
  2 rime drakes
  4 komodo dragons
  A troll (D:12)
  5 meliai
  18 tarantellas
  11 hornets
  2 tyrant leeches
  13 blink frogs
  2 slime creatures
  21 jumping spiders
  15 culicivoras
  10 yaks
  3 wyverns
  3 humans
  28 redbacks
  4 vampire mosquitoes
  An acid dragon (D:12)
  6 water moccasins
  Duvessa (D:5)
  3 black bears
  5 orc warriors
  A sky beast (D:6)
  3 ogres
  A boggart (Vaults:2)
  4 wolves
  A kobold brigand (D:11)
  11 bullfrogs
  A gnoll sergeant (D:9)
  A scorpion (D:4)
  A water moccasin skeleton (D:6)
  Dowan (D:5)
  A killer bee (D:9)
  A vampire bat (D:15)
  8 electric eels
  2 howler monkeys
  2 bullfrog zombies
  5 centaur zombies
  A centaur skeleton (D:6)
  2 hounds
  2 orc priests
  2 iguanas (D:6)
  7 orc wizards
  A howler monkey zombie (D:6)
  7 gnolls
  6 adders
  A white imp (D:6)
  4 worms (Spider:2)
  4 dart slugs
  31 orcs
  10 bats
  3 endoplasms
  2 giant cockroaches
  11 goblins
  A hobgoblin (D:1)
  3 jackals
  12 kobolds
  A quokka (D:1)
  3 ball pythons
  A frilled lizard (D:3)
  2 rats
435 creatures vanquished.

Vanquished Creatures (collateral kills)
  Donald (Spider:3)
  2 emperor scorpions (Spider:1)
  A ghost moth (Spider:4)
  2 broodmothers
  4 ironbound preservers (Vaults:1)
  A very ugly thing (D:15)
  2 dire elephants (Vaults:1)
  A spark wasp (Spider:4)
  A fire dragon (D:15)
  2 yaktaur captains (Vaults:1)
  5 hydras
  Fannar (Lair:1)
  A jorogumo (Spider:3)
  A rakshasa (D:15)
  3 boulder beetles
  2 centaur warriors (D:14)
  A radroach (Spider:4)
  5 death yaks
  An ogre mage (D:15)
  3 two-headed ogres
  4 orc high priests (Orc:2)
  8 deep trolls (Vaults:1)
  2 orb spiders
  A glowing orange brain (D:15)
  6 orc knights
  3 lindwurms (Vaults:1)
  A wizard (Vaults:1)
  4 harpies (Vaults:1)
  2 oklob plants (D:11)
  A deep elf pyromancer (D:12)
  11 wolf spiders
  20 ugly things
  3 orc sorcerers
  4 cyclopes
  A wolf spider (shapeshifter) (D:15)
  2 manticores
  A moth of wrath (Spider:3)
  A merfolk siren (Lair:2)
  2 vault sentinels (Vaults:1)
  2 rust devils (Orc:2)
  6 elephants
  4 black mambas
  A torpor snail (Spider:2)
  5 cane toads
  A kobold demonologist (D:11)
  An unseen horror (D:11)
  A rime drake (Lair:6)
  13 yaktaurs
  2 demonic crawlers
  An efreet (D:13)
  2 freezing wraiths
  4 komodo dragons
  2 meliai
  2 trolls
  A polar bear (Lair:6)
  A merfolk (Lair:2)
  A tyrant leech (Lair:6)
  9 tarantellas
  14 blink frogs
  6 hornets
  3 slime creatures
  8 culicivoras
  16 jumping spiders
  2 wyverns
  A vampire (D:13)
  14 yaks
  8 humans
  14 redbacks
  A steam dragon (Lair:2)
  2 wargs (Orc:1)
  4 vampire mosquitoes
  An acid dragon (D:14)
  6 water moccasins
  A black bear (Lair:1)
  13 orc warriors
  8 ogres
  22 wolves
  A centaur (D:12)
  6 bullfrogs
  3 howler monkeys
  2 wights (D:8)
  A centaur zombie (D:10)
  17 orc priests
  2 hounds (D:6)
  A bullfrog skeleton (D:6)
  2 jellies
  An iguana (D:6)
  8 orc wizards
  A hound zombie (D:5)
  2 gnolls
  3 adders
  A shadow imp (D:8)
  2 white imps
  An ufetubus (D:6)
  A worm (D:2)
  52 orcs
  A bat (D:15)
  3 endoplasms
  A giant cockroach (D:1)
  A goblin (D:1)
  A hobgoblin (D:4)
  3 jackals (D:3)
  A ball python (D:1)
  5 kobolds
  2 rats
  A lurking horror (Lair:1)
446 creatures vanquished.

Vanquished Creatures (others)
  Frances (Spider:1)
  2 orc warlords
  2 dire elephants (Vaults:1)
  2 vault guards (Bailey)
  A boulder beetle (D:12)
  4 hydras
  A catoblepas (Lair:6)
  An ogre mage (D:15)
  3 centaur warriors
  A demonspawn (Orc:2)
  2 orc high priests (Orc:2)
  3 death yaks (Lair:5)
  7 two-headed ogres
  A spriggan (Lair:4)
  A soul eater (Orc:2)
  2 deep trolls (Vaults:1)
  A goliath frog (Lair:6)
  A wizard (Vaults:1)
  A harpy (Vaults:1)
  3 orc knights
  An oklob plant (D:11)
  A manticore (D:13)
  An orc sorcerer (Orc:1)
  A cyclops (D:12)
  A slime creature (D:15)
  10 ugly things
  2 elephants (Lair:3)
  2 black mambas
  A gargoyle (D:11)
  4 cane toads
  A demonic crawler (Spider:3)
  3 komodo dragons
  A yaktaur (Vaults:1)
  3 trolls
  Prince Ribbit (Bailey)
  A hornet (Lair:4)
  3 blink frogs
  2 jumping spiders (Spider:3)
  A wyvern (Lair:3)
  2 shadows
  2 basilisks
  Grum (D:10)
  20 yaks
  12 humans
  A redback (Spider:2)
  A steam dragon (D:9)
  2 water moccasins (D:8)
  17 orc warriors
  18 wolves
  3 ogres (D:15)
  8 bullfrogs
  A scorpion (D:6)
  7 killer bees (D:9)
  2 wights (D:8)
  3 howler monkeys (D:9)
  2 centaur zombies
  4 orc priests
  Crazy Yiuf (D:5)
  A gnoll shaman (D:9)
  An iguana (D:4)
  A howler monkey zombie (D:7)
  4 gnolls
  10 orcs
  A hobgoblin (Bailey)
  A bush (Lair:6)
  52 fungi
  153 plants
  14 snaplasher vines
425 creatures vanquished.

Grand Total: 1306 creatures vanquished

Notes
Turn   | Place    | Note
-------+----------+-------------------------------------------
     0 | D:1      | willcat the Mummy Summoner began the quest for the Orb.
     0 | D:1      | Reached XP level 1. HP: 13/13 MP: 4/4
   538 | D:1      | Found a faded altar of an unknown god.
   595 | D:1      | Reached skill level 3 in Spellcasting
   686 | D:1      | Reached XP level 2. HP: 15/19 MP: 4/6
  1898 | D:2      | Reached XP level 3. HP: 24/24 MP: 5/7
  1902 | D:2      | Learned a level 3 spell: Call Canine Familiar
  1906 | D:2      | Learned a level 3 spell: Summon Guardian Golem
  2541 | D:3      | Reached skill level 1 in Short Blades
  2541 | D:3      | Reached XP level 4. HP: 18/30 MP: 5/9
  2834 | D:3      | Reached skill level 4 in Spellcasting
  3668 | D:4      | Found Cootziaq's Jewellery Emporium.
  3682 | D:4      | Found a staircase to the Ecumenical Temple.
  3723 | Temple   | Entered the Ecumenical Temple
  3801 | Temple   | Became a worshipper of Gozag Ym Sagoz the Greedy
  3869 | D:4      | You fall into a shaft and drop 1 floor!
  3869 | D:5      | Entered Level 5 of the Dungeon
  3911 | D:5      | Reached XP level 5. HP: 36/36 MP: 7/11
  3922 | D:5      | Identified the +1 leather armour of Pathos {rF+ Dex+3}
  3980 | D:5      | Reached skill level 1 in Fighting
  4254 | D:5      | Found Luwist's General Store.
  4408 | D:5      | Noticed Dowan
  4700 | D:4      | Noticed a black bear
  4717 | D:4      | Reached XP level 6. HP: 44/44 MP: 5/13
  4738 | D:4      | Reached skill level 5 in Spellcasting
  5190 | D:4      | Reached skill level 1 in Armour
  5362 | D:4      | Reached XP level 7. HP: 50/50 MP: 15/15
  5780 | D:4      | Bought an amulet of regeneration for 300 gold pieces
  6038 | D:5      | Noticed Duvessa
  6055 | D:5      | Killed Duvessa
  6065 | D:5      | Killed Dowan
  6066 | D:5      | Reached skill level 6 in Spellcasting
  6191 | D:5      | Reached skill level 5 in Summonings
  6382 | D:5      | Found a runed translucent door.
  6383 | D:5      | Noticed Crazy Yiuf
  6490 | D:5      | Found a burning altar of Makhleb.
  6490 | D:5      | Noticed a blizzard demon
  6592 | D:5      | Killed Crazy Yiuf
  6880 | D:6      | Reached XP level 8. HP: 57/57 MP: 17/17
  7297 | D:6      | Reached skill level 1 in Hexes
  7328 | D:6      | Reached skill level 7 in Spellcasting
  8054 | D:7      | Reached XP level 9. HP: 64/64 MP: 8/20
  8372 | D:7      | Noticed a two-headed ogre
  8400 | D:7      | Killed a two-headed ogre
  8401 | D:7      | Reached skill level 8 in Spellcasting
  8485 | D:7      | Found a flagged portal.
  8533 | Bailey   | Entered a bailey
  8560 | Bailey   | Reached skill level 5 in Short Blades
  8579 | Bailey   | Reached skill level 9 in Spellcasting
  8769 | Bailey   | Reached XP level 10. HP: 73/73 MP: 20/23
  8870 | Bailey   | Noticed a vault guard
  8870 | Bailey   | Noticed Prince Ribbit
  8879 | Bailey   | Noticed a vault guard
  8884 | Bailey   | Killed Prince Ribbit
  8885 | Bailey   | Killed a vault guard
  8886 | Bailey   | Reached skill level 10 in Spellcasting
  8948 | Bailey   | Killed a vault guard
  9363 | D:7      | Found a transporter.
  9371 | D:7      | Noticed leviel's ghost (novice HOFi)
  9371 | D:7      | Noticed a moth of wrath
  9398 | D:7      | Found a transporter.
  9562 | D:8      | Noticed a two-headed ogre
  9578 | D:8      | Killed a two-headed ogre
  9579 | D:8      | Reached skill level 5 in Fighting
  9733 | D:8      | Reached skill level 11 in Spellcasting
  9837 | D:8      | Noticed a two-headed ogre
  9853 | D:8      | Killed a two-headed ogre
 10332 | D:9      | Reached XP level 11. HP: 72/80 MP: 24/26
 10735 | D:9      | Found Kewae's Armour Emporium.
 10773 | D:9      | Reached skill level 1 in Maces & Flails
 10915 | D:9      | Bought a +0 pair of gloves for 67 gold pieces
 11152 | D:10     | Entered Level 10 of the Dungeon
 11438 | D:10     | Learned a level 4 spell: Summon Lightning Spire
 11556 | D:10     | Noticed Grum
 11560 | D:10     | Reached skill level 1 in Air Magic
 11565 | D:10     | Reached skill level 1 in Earth Magic
 11595 | D:10     | Killed Grum
 11596 | D:10     | Reached skill level 12 in Spellcasting
 11944 | D:11     | Noticed a four-headed hydra
 11977 | D:11     | Found the +13 scythe of Curses {drain, Drain}
 12042 | D:11     | Noticed an oklob plant
 12100 | D:11     | Noticed an oklob plant
 12100 | D:11     | Noticed an oklob plant
 12101 | D:11     | Found a staircase to the Lair.
 12121 | D:11     | Noticed a cyan ugly thing
 12123 | D:11     | Noticed a two-headed ogre
 12627 | D:11     | Killed a four-headed hydra
 12769 | D:11     | Killed a two-headed ogre
 12902 | D:11     | Killed a cyan ugly thing
 13008 | D:11     | Reached XP level 12. HP: 55/88 MP: 24/28
 13156 | D:11     | Reached skill level 5 in Hexes
 13180 | D:11     | Found a staircase to the Orcish Mines.
 13737 | Lair:1   | Entered Level 1 of the Lair of Beasts
 13739 | Lair:1   | Noticed an eight-headed hydra
 13800 | D:11     | Killed an eight-headed hydra
 13991 | Lair:1   | Reached skill level 13 in Spellcasting
 14359 | Lair:1   | Found a one-way gate to the infinite horrors of the Abyss.
 14442 | Lair:1   | Found a corrupted altar of Lugonu.
 14557 | Lair:1   | Noticed a five-headed hydra
 14567 | Lair:1   | Killed a five-headed hydra
 14658 | Lair:1   | Noticed Fannar
 14674 | Lair:1   | Killed Fannar
 15202 | Lair:2   | Noticed a six-headed hydra
 15213 | Lair:2   | Killed a six-headed hydra
 15291 | Lair:2   | Learned a level 4 spell: Dispel Undead
 15411 | Lair:2   | Found a blossoming altar of Fedhas.
 15514 | Lair:2   | Noticed a five-headed hydra
 15523 | Lair:2   | Killed a five-headed hydra
 15524 | Lair:2   | Reached skill level 1 in Necromancy
 15643 | Lair:2   | Found a hole to the Spider Nest.
 15690 | Lair:2   | Noticed a seven-headed hydra
 15710 | Lair:2   | Found a staircase to the Shoals.
 15711 | Lair:2   | Killed a seven-headed hydra
 15796 | Lair:2   | Reached skill level 5 in Maces & Flails
 15877 | Lair:2   | Gained mutation: You are in touch with the powers of death.
                  | [Mummy growth]
 15877 | Lair:2   | Reached XP level 13. HP: 87/93 MP: 30/30
 16668 | Orc:1    | Entered Level 1 of the Orcish Mines
 16834 | Orc:2    | Entered Level 2 of the Orcish Mines
 16843 | Orc:2    | Noticed an orc warlord
 17165 | Orc:1    | Killed an orc warlord
 17267 | Orc:2    | Reached skill level 14 in Spellcasting
 17445 | Orc:2    | Found Doufakuph's General Store.
 17555 | Orc:2    | Found Sakk's General Store.
 17785 | Orc:2    | Bought a scroll of fog for 36 gold pieces
 18712 | Orc:2    | Reached skill level 10 in Summonings
 19395 | Orc:2    | Found a staircase to the Elven Halls.
 19672 | Orc:2    | Reached skill level 5 in Necromancy
 19913 | Orc:2    | Found Xetrouss's Book Shop.
 19913 | Orc:2    | Found Gafeh's Antique Armour Boutique.
 19914 | Orc:2    | Paralysed by an orc sorcerer for 6 turns
 19984 | Orc:2    | Found a one-way gate leading to the halls of Pandemonium.
 20281 | Lair:3   | Found a shimmering altar of Xom.
 20328 | Lair:3   | Bought a steaming helmet for 237 gold pieces
 20328 | Lair:3   | Identified the +1 helmet of the Lily {rC- rN+++ Regen+
                  | MP-9} (You bought it in a shop on level 3 of the Lair of
                  | Beasts)
 20328 | Lair:3   | Bought a slimy cloak for 237 gold pieces
 20328 | Lair:3   | Identified the +2 cloak of Dim Light {Fly rElec Int+4
                  | Stlth-} (You bought it in a shop on level 3 of the Lair of
                  | Beasts)
 20342 | Lair:3   | Bought a bloodstained scale mail for 225 gold pieces
 20342 | Lair:3   | Identified the +2 scale mail "Ezxyror" {SInv} (You bought
                  | it in a shop on level 3 of the Lair of Beasts)
 20374 | Lair:3   | Reached XP level 14. HP: 27/100 MP: 20/32
 20757 | Lair:3   | Reached skill level 5 in Dodging
 20857 | Lair:3   | Reached skill level 15 in Spellcasting
 22264 | Lair:5   | Found a staircase to the Slime Pits.
 23217 | Lair:6   | Entered Level 6 of the Lair of Beasts
 24036 | Lair:6   | Reached XP level 15. HP: 108/108 MP: 21/34
 24426 | Lair:6   | Identified the +0 chain mail of the Gloaming {rPois Regen+
                  | Str+4 Dex+3}
 24448 | Lair:6   | Identified the ring of Grace {EV+4 Str+3 Int-5 Dex+2}
 24895 | Lair:6   | Learned a level 5 spell: Borgnjor's Vile Clutch
 25377 | D:11     | Upgraded the game from 0.28-a0-1510-gd0f6b136d3 to
                  | 0.28-a0-1518-gbe868bca14
 25430 | D:12     | Reached skill level 16 in Spellcasting
 26050 | D:12     | Found an iron altar of Okawaru.
 26573 | D:12     | Found a portal to a secret trove of treasure.
 26740 | D:13     | Bought a distressingly furry ring mail for 333 gold pieces
 26740 | D:13     | Identified the +2 ring mail of Context {Harm rF+ rC-
                  | Slay+2} (You bought it in a shop on level 13 of the
                  | Dungeon)
 26740 | D:13     | Bought a scroll of fear for 129 gold pieces
 27078 | D:13     | Noticed Erolcha
 27087 | D:13     | Killed Erolcha
 27539 | D:14     | Reached skill level 1 in Shields
 27743 | D:14     | Found a gate to the Vaults.
 27834 | D:14     | Identified a scroll of acquirement
 28045 | D:14     | Acquired the +5 storm dragon scales of the Thirsty Realms
                  | {rElec Int+4}
 28340 | D:15     | Entered Level 15 of the Dungeon
 28340 | D:15     | Found Peckusae's Antique Weapon Shop.
 28340 | D:15     | Found Urphaxa's Elemental Accessories.
 28342 | D:15     | Bought a pitted hand axe for 192 gold pieces
 28342 | D:15     | Identified the +8 hand axe of the Badger {protect, MP+9}
                  | (You bought it in a shop on level 15 of the Dungeon)
 28550 | D:15     | Reached skill level 1 in Axes
 28567 | D:15     | Reached XP level 16. HP: 106/118 MP: 1/36
 28746 | D:15     | Found a staircase to the Depths.
 29115 | D:15     | Found a sparkling altar of Nemelex Xobeh.
 29198 | D:15     | Found Dohider's Assorted Antiques.
 29215 | D:15     | Bought a scintillating lapis lazuli ring for 140 gold
                  | pieces
 29215 | D:15     | Identified the ring of Dogma {Fly rPois AC+4 Str-3 Int+5}
                  | (You bought it in a shop on level 15 of the Dungeon)
 29215 | D:15     | Bought a scroll of blinking for 210 gold pieces
 29511 | D:15     | Reached skill level 17 in Spellcasting
 29758 | D:15     | Found Tysiof's Distillery.
 30029 | D:15     | Bought the amulet of Xom's Sleight of Hands {rC+ Regen+}
                  | for 748 gold pieces
 30194 | Shoals:1 | Entered Level 1 of the Shoals
 30347 | Spider:1 | Entered Level 1 of the Spider Nest
 30537 | Spider:1 | Learned a level 7 spell: Orb of Destruction
 30545 | Spider:1 | Learned a level 7 spell: Spellforged Servitor
 30720 | Spider:1 | Noticed Aizul
 30743 | Spider:1 | Killed Aizul
 31020 | Spider:1 | Reached skill level 1 in Conjurations
 31021 | Spider:1 | Got the Guide on Weightlessness
 31157 | Spider:1 | Noticed Frances
 31174 | Spider:1 | Killed Frances
 32852 | Spider:2 | Acquired a Fen Folio
 32862 | Spider:2 | Learned a level 5 spell: Summon Forest
 33374 | Spider:3 | Reached XP level 17. HP: 113/124 MP: 19/38
 33559 | Spider:3 | Reached skill level 5 in Earth Magic
 33685 | Spider:3 | Noticed Jorgrun
 33744 | Spider:3 | Killed Jorgrun
 34406 | Spider:3 | Noticed Donald
 34419 | Spider:3 | Killed Donald
 35021 | Spider:4 | Entered Level 4 of the Spider Nest
 35524 | D:4      | Bought the ring "Ilasukug" {EV+4 Dex+5} for 535 gold pieces
 35524 | D:4      | Bought a ring of see invisible for 150 gold pieces
 36411 | Spider:4 | Reached skill level 18 in Spellcasting
 36727 | Spider:4 | Reached skill level 5 in Armour
 37956 | Spider:4 | Got a gossamer rune of Zot
 38476 | Vaults:1 | Entered Level 1 of the Vaults
 39115 | Vaults:1 | Reached XP level 18. HP: 131/131 MP: 27/40
 39248 | Vaults:1 | Found Roaphad's Weapon Shoppe.
 39256 | Vaults:1 | Bought the +9 long sword of the Fray {vorpal, rF+ Will+}
                  | for 1116 gold pieces
 39333 | Vaults:1 | Reached skill level 5 in Conjurations
 39751 | Vaults:1 | Reached skill level 1 in Long Blades
 40055 | Vaults:1 | Got Sif Muna's Almanac of Conjuration
 41171 | Vaults:2 | HP: 1/131 [tengu reaver/bolt of acid[Sojobo] (45)]
 41172 | Vaults:2 | Slain by a tengu reaver

Illustrated notes

Levels and vault maps discovered:
D:1:      dpeg_arrival_rhombi, layout_loops_cross, ebering_ecumenical_altar_hall
D:2:      layout_basic, bh_walls_and_bars
D:3:      layout_loops_ring
D:4:      layout_basic, temple_pool_b, serial_shops, shop
D:5:      layout_loops_ring, makhleb_altar_promises_db, serial_shops,
          shop_coins, uniq_crazy_yiuf_cottage, uniq_duvessa
D:6:      layout_loops_ring, hangedman_decor_growths, minmay_misc_feat_rugged,
          grunt_potential
D:7:      hellmonk_ruined_rings, layout_loops_ring, enter_bailey_5,
          gammafunk_ghost_berserking_beasts
D:8:      layout_cave_pools, serial_glass, glass_columns_a, glass_columns_b,
          nicolae_figureground_sparkle
D:9:      layout_roguey, serial_shops, shop
D:10:     layout_rooms, uniq_grum
D:11:     layout_roguey, dpeg_oklobed_lair, orc_0_dummy
D:12:     layout_basic, nicolae_trove_entry_diagonal, special_room
          [special_room_orc], okawaru_ov_weapons_minmay
D:13:     layout_loops_cross, uniq_erolcha
D:14:     layout_rooms, david_vaults_3, hangedman_decor_push
D:15:     gammafunk_enter_depths_forms, layout_basic, serial_shops,
          nicolae_shop_statue_plus, shop, shop,
          nemelex_xobeh_ov_fountains_minmay, serial_rivers,
          chequers_serial_rivers_room_a, chequers_serial_rivers_marsh,
          chequers_serial_rivers_room_b, chequers_serial_rivers_small_a,
          chequers_serial_rivers_micro_d, roderic_batcave,
          chequers_serial_rivers_micro_e, nicolae_elemental_shop
Temple:   mainiacjoe_temple_hex_bubbles
Lair:1:   layout_cave_pods, serial_bayou_lagoon_a,
          amcnicky_altar_lugonu_corruption, uniq_fannar
Lair:2:   layout_small_grid, minmay_shoals_entry_lonely_mermaid,
          nicolae_spider_entry_orb_guardian, tgw_fedhas, lemuel_fruit_tree
Lair:3:   layout_regular_city, basic_altar, serial_rivers,
          chequers_serial_rivers_micro_b, chequers_serial_rivers_small_b,
          chequers_serial_rivers_small_b, chequers_serial_rivers_small_a,
          chequers_serial_rivers_marsh, grunt_megastairs_4
Lair:4:   layout_small_grid, serial_bayou, serial_bayou_shore_a,
          serial_bayou_shore_b, serial_bayou_lagoon_b, serial_bayou_pond_a,
          st_stairs_3, grunt_forest_large_clearings
Lair:5:   layout_misc_corridors, slime_dummy
Lair:6:   minmay_lair_end_frog_pond, layout_regular_city,
          infiniplex_staircase_pool
Shoals:1: layout_shoals, nicolae_shoals_loop_pool
Spider:1: layout_spider_delve, drop_trap, uniq_aizul, uniq_frances
Spider:2: layout_spider_delve, hive_lemuel
Spider:3: layout_spider_delve, nicolae_spider_jagged_tunnels, uniq_donald,
          uniq_jorgrun
Spider:4: grunt_spider_rune_parallel
Orc:1:    layout_caves, mines1_david
Orc:2:    pf_orc_diabolical, layout_caves
Vaults:1: vaults_room_stairs_pillars, v_misc_23, ontoclasm_vaults_shuriken,
          hangedman_vaults_slice, v_misc_29, nicolae_vaults_ring_of_whatevers,
          ontoclasm_vaults_chip, nicolae_vaults_little_squares_6,
          layout_vaults_omnigrid, serial_shops, shop
Vaults:2: nicolae_vaults_windows_and_doors_thing,
          nicolae_vaults_stairing_the_circle, nicolae_vaults_big_ls, v_misc_25,
          v_misc_5, nicolae_vaults_little_squares_2,
          nicolae_vaults_border_crossing, blue_anna_dwarven_crypt,
          nicolae_vaults_minivaults, vaults_room_pool, vaults_room_fours,
          grunt_vaults_hallway_long, nicolae_vaults_little_squares_3,
          vaults_room_stairs_pillars, vaults_room_grid, layout_vaults_ring,
          uniq_sojobo

Skill      XL: |  1  2  3  4  5  6  7  8  9 10 11 12 13 14 15 16 17 18 |
---------------+-------------------------------------------------------+-----
Spellcasting   | 3 4 5 6 7 9 11 12 13 14 15 16 17 18 | 18.6
Short Blades   | 1 2 3 4 5 |  5.8
Summonings     | 4 5 6 7 8 9 10 11 12 13 | 13.2
Fighting       | 1 2 3 4 5 6 7 8 |  8.7
Armour         | 1 2 3 4 5 6 |  6.0
Hexes          | 1 2 4 5 |  5.8
Maces & Flails | 3 5 6 7 8 |  8.7
Air Magic      | 2 3 |  3.8
Earth Magic    | 2 3 4 6 |  6.5
Necromancy     | 2 5 7 8 9 |  9.7
Dodging        | 2 4 6 7 8 9 |  9.9
Shields        | 2 4 |  4.2
Axes           | 1 4 |  4.8
Conjurations   | 2 4 5 |  5.4
Long Blades    | 2 |  2.0
Stealth        | |  1.5
Unarmed Combat | |  0.2

Action                   |  1- 3 |  4- 6 |  7- 9 | 10-12 | 13-15 | 16-18 || total
-------------------------+-------+-------+-------+-------+-------+-------++-------
Melee: Dagger            |   106 |   143 |   245 |    73 |       |       ||   567
       Unarmed           |     9 |       |       |       |       |       ||     9
       Punch             |     2 |     1 |     2 |     4 |    11 |       ||    20
       Morningstar       |       |       |       |   296 |   640 |   164 ||  1100
       Hand axe          |       |       |       |       |    24 |   357 ||   381
       Long sword        |       |       |       |       |       |    49 ||    49
 Cast: Summon Small Mamm |    23 |     5 |     5 |       |    28 |    10 ||    71
       Call Canine Famil |     6 |    23 |    31 |    79 |   168 |   106 ||   413
       Summon Guardian G |       |     3 |    17 |    95 |   131 |    84 ||   330
       Summon Lightning  |       |       |       |    11 |    81 |    64 ||   156
       Borgnjor's Vile C |       |       |       |       |       |   199 ||   199
       Summon Forest     |       |       |       |       |       |    20 ||    20
Invok: Potion Petition   |       |       |     1 |       |     4 |     1 ||     6
       Call Merchant     |       |       |       |       |     2 |     1 ||     3
Evoke: Wand              |       |       |       |     2 |    12 |    24 ||    38
       Phial of floods   |       |       |       |       |       |     2 ||     2
  Use: Scroll            |       |       |     2 |     2 |    17 |    17 ||    38
 Stab: Distracted        |     1 |       |     2 |    10 |    12 |    18 ||    43
       Sleeping          |     3 |       |     2 |       |       |       ||     5
       Paralysed         |       |       |       |       |     1 |       ||     1
Armor: Robe              |    35 |    20 |       |       |       |       ||    55
       Leather armour    |       |    40 |    98 |   223 |   265 |   593 ||  1219
Dodge: Dodged            |    89 |   104 |   142 |   505 |   862 |   972 ||  2674
Block: Buckler           |       |       |       |       |    25 |   298 ||   323

Table legend: (Time is in decaauts)
 A = Elapsed time spent in this place.
 B = Non-inter-level travel time spent in this place.
 C = Inter-level travel time spent in this place.
 D = Time resting spent in this place.
 E = Time spent auto-exploring this place.
 F = Levels seen in this place.
 G = Mean time per level.
                   A        B        C        D        E       F      G
               +--------+--------+--------+--------+--------+-----+--------+
         Total |  41369 |  39119 |   2250 |   6298 |  19674 |  32 | 1292.8 |
       Dungeon |  18687 |  17641 |   1046 |   2203 |   9848 |  15 | 1245.8 |
        Temple |     99 |     78 |     21 |      0 |     67 |   1 |   99.0 |
          Lair |   8491 |   7718 |    773 |    462 |   4855 |   6 | 1415.2 |
        Shoals |     10 |     10 |      0 |      0 |      0 |   1 |   10.0 |
   Spider Nest |   7530 |   7239 |    291 |   2183 |   2312 |   4 | 1882.5 |
  Orcish Mines |   3550 |   3464 |     86 |    920 |   1187 |   2 | 1775.0 |
        Vaults |   2458 |   2428 |     30 |    341 |   1335 |   2 | 1229.0 |
        Bailey |    541 |    541 |      0 |    189 |     69 |   1 |  541.0 |
               +--------+--------+--------+--------+--------+-----+--------+

Top non-repeatable levels by time:
Vaults:1: 2339 daAuts
Spider:3: 2282 daAuts
   Orc:2: 2200 daAuts
    D:11: 2108 daAuts
Spider:4: 2017 daAuts
Spider:1: 1959 daAuts
  Lair:2: 1831 daAuts
  Lair:6: 1816 daAuts
    D:15: 1714 daAuts
  Lair:1: 1535 daAuts
     D:4: 1518 daAuts
     D:1: 1463 daAuts
     D:5: 1454 daAuts
     D:3: 1438 daAuts
   Orc:1: 1349 daAuts
